 Dungeon Crawl Stone Soup version 0.19.4-9-g45fd643 (webtiles) character file.

539 LORDOFBUTT the Vexing (level 7, 0/32 HPs)
             Began as a Spriggan Enchanter on Feb 15, 2017.
             Killed from afar by an orc wizard (6 damage)
             ... with a magic dart
             ... on level 4 of the Dungeon on Feb 16, 2017.
             The game lasted 00:06:39 (3097 turns).

LORDOFBUTT the Vexing (Spriggan Enchanter)          Turns: 3097, Time: 00:06:39

Health: 0/32       AC:  3    Str:  6    XL:     7   Next: 5%
Magic:  9/17       EV: 18    Int: 17    God:
Gold:   161        SH:  0    Dex: 16    Spells: 3 memorised, 12 levels left

rFire  . . .     SeeInvis +     j - +1 dagger (holy)
rCold  . . .     Gourm    .     b - +1 robe
rNeg   . . .     Faith    .     (shield restricted)
rPois  .         Spirit   .     (helmet restricted)
rElec  .         Reflect  .     (no cloak)
rCorr  .         Harm     .     (gloves unavailable)
MR     +....                    (boots unavailable)
Stlth  ++++......               (no amulet)
                                (no ring)
                                (no ring)

@: very quick
A: unfitting armour, see invisible, herbivore 3, speed 3, slow metabolism 2
a: no special abilities


You were on level 4 of the Dungeon.
You were full.

You visited 1 branch of the dungeon, and saw 5 of its levels.

You collected 161 gold pieces.

Inventory:

Hand Weapons
 a - a +1 dagger
 j - a +1 dagger of holy wrath (weapon)
Armour
 b - a +1 robe (worn)
Jewellery
 e - a cursed ring of loudness {unknown}
 n - an uncursed amulet of faith {unknown}
 q - an uncursed ring of positive energy {unknown}
Wands
 r - a wand of slowing (37/48)
Scrolls
 g - a scroll of identify {unknown}
 i - a scroll of random uselessness {unknown}
 k - 3 scrolls of noise {unknown}
 o - a scroll of magic mapping {unknown}
 p - a scroll of amnesia {unknown}
Potions
 f - 5 potions of curing {unknown}
 h - a potion of degeneration {unknown}
 l - a potion of brilliance {unknown}
 m - 2 potions of lignification {unknown}
Books
 c - a book of Maledictions

   Spells                             Type                      Level
   a - Corona                         Hexes                        1
   b - Ensorcelled Hibernation        Hexes/Ice                    2
   c - Confuse                        Hexes                        3
   d - Tukima's Dance                 Hexes                        3
   e - Dazzling Spray                 Conjuration/Hexes            3
Comestibles
 d - 2 bread rations


   Skills:
 - Level 1.1 Short Blades
 - Level 3.0 Dodging
 + Level 6.8 Stealth
 * Level 6.1 Spellcasting
 * Level 6.8 Hexes
 + Level 0.1 Ice Magic


You had 12 spell levels left.
You knew the following spells:

 Your Spells              Type           Power        Failure   Level  Hunger
a - Corona                Hex            ####...      1%          1    None
b - Ensorcelled Hibernat  Hex/Ice        ###...       4%          2    None
c - Confuse               Hex            ####....     2%          3    ##.....


Dungeon Overview and Level Annotations

Branches:
Dungeon (5/15)
 Temple: D:4-7

Altars:
Ashenzari
Cheibriados
Dithmenos
Elyvilon
Yredelemnul
The Shining One

Annotations:
D:5 1 runed door


Innate Abilities, Weirdness & Mutations

You are very small and have problems with some larger weapons.
You are too small for most types of armour.
You have supernaturally acute eyesight. (SInv)
You are a herbivore.
You cover ground extremely quickly.
You need consume almost no food.


Message History

Confirm with . or Enter, or press ? or * to list all spells.
Aiming: Ensorcelled Hibernation
Press: ? - help, Shift-Dir - straight line, f - orc wizard
Aim: an orc wizard, wielding a dagger and wearing a robe (chance to defeat MR: 48%)
The orc wizard resists with some effort.
The orc wizard gestures at you while chanting.
The puff of flame hits you!
* * * LOW HITPOINT WARNING * * *
Casting: Ensorcelled Hibernation
Confirm with . or Enter, or press ? or * to list all spells.
Aiming: Ensorcelled Hibernation
Press: ? - help, Shift-Dir - straight line, f/p - orc wizard
Aim: an orc wizard, wielding a dagger and wearing a robe (chance to defeat MR: 48%)
The orc wizard resists with some effort.
The orc wizard misses you.
The orc hits you with a flail of protection.
* * * LOW HITPOINT WARNING * * *
The orc wizard casts a spell at you. The magic dart hits you!
You die...

# #..##.....).# # #..##.##.##)# #
#........##.##
########............#####.
.......#####.....#........
######.# #.###J#.############
####.# #...ooo.# #......###
#....# #####.### #.####.##.
#.##.# #.@.# #.####.##.
###.##.#### #...# #.#.....#.
..........# #...# ###.#.##.##.
####.####.# #...# #........###
##..(..##.#####...####.#.........
#.......#..............###..)####
#.......#.................#..#...
...._........................#.##
#.......#..####...####.##.#..#.##


You could see 2 orc wizards, an ooze and an orc.

Vanquished Creatures
  2 phantoms (D:4)
  A centaur (D:5)
  A scorpion (D:4)
  2 crimson imps
  An orc priest (D:5)
  2 orc wizards (D:4)
  A gnoll (D:4)
  An adder (D:4)
  5 leopard geckos
  10 orcs
  5 ball pythons
  2 bats
  4 goblins
  6 hobgoblins
  2 jackals (D:4)
  4 kobolds
  2 quokkas
  3 frilled lizards
  A leopard gecko skeleton (D:4)
  6 rats
61 creatures vanquished.

Vanquished Creatures (others)
  2 leopard geckos (D:2)
  A giant cockroach (D:2)
  A hobgoblin (D:2)
4 creatures vanquished.

Grand Total: 65 creatures vanquished

Notes
Turn   | Place    | Note
-------+----------+-------------------------------------------
     0 | D:1      | LORDOFBUTT the Spriggan Enchanter began the quest for the Orb.
     0 | D:1      | Reached XP level 1. HP: 9/9 MP: 5/5
   244 | D:1      | Reached XP level 2. HP: 2/13 MP: 7/7
   252 | D:1      | Upgraded the game from 0.19.4-8-ga85b6b9 to 0.19.4-9-g45fd643
   896 | D:2      | Found a white marble altar of Elyvilon.
   916 | D:2      | Reached XP level 3. HP: 8/16 MP: 8/8
  1065 | D:2      | Learned a level 2 spell: Ensorcelled Hibernation
  1509 | D:3      | You fall through a shaft!
  1509 | D:4      | Found a basalt altar of Yredelemnul.
  1549 | D:4      | Found a shattered altar of Ashenzari.
  1627 | D:4      | Reached skill level 5 in Stealth
  1717 | D:4      | Noticed a scorpion
  1733 | D:4      | Killed a scorpion
  1733 | D:4      | Reached skill level 5 in Hexes
  1733 | D:4      | Reached XP level 4. HP: 6/21 MP: 9/11
  2056 | D:3      | You fall through a shaft for 2 floors!
  2056 | D:5      | Entered Level 5 of the Dungeon
  2279 | D:5      | Reached XP level 5. HP: 15/24 MP: 9/12
  2352 | D:5      | Found a glowing golden altar of the Shining One.
  2352 | D:5      | Noticed an angel
  2353 | D:5      | Found a runed door.
  2424 | D:5      | Noticed a centaur
  2433 | D:5      | Killed a centaur
  2433 | D:5      | Reached skill level 5 in Spellcasting
  2433 | D:5      | Reached XP level 6. HP: 21/28 MP: 14/14
  2695 | D:4      | Learned a level 3 spell: Confuse
  2886 | D:4      | Reached XP level 7. HP: 15/32 MP: 3/17
  2912 | D:4      | Found a shadowy altar of Dithmenos.
  2988 | D:4      | Found a snail-covered altar of Cheibriados.
  3097 | D:4      | Killed from afar by an orc wizard

Skill      XL: |  1  2  3  4  5  6 |
---------------+-------------------+-----
Hexes          | 4 5 6 |  6.8
Spellcasting   | 3 4 5 6 |  6.1
Stealth        | 5 6 |  6.8
Short Blades   | |  1.1
Dodging        | |  3.0
Ice Magic      | |  0.1

Action                   |  1- 3 |  4- 6 |  7- 9 || total
-------------------------+-------+-------+-------++-------
Melee: Dagger            |   162 |   118 |    11 ||   291
 Cast: Ensorcelled Hiber |     3 |    14 |     7 ||    24
       Confuse           |       |     9 |       ||     9
 Stab: Sleeping          |    15 |     7 |     4 ||    26
       Confused          |       |     2 |       ||     2
  Eat: Bread ration      |       |     1 |       ||     1
Armor: Robe              |    10 |    12 |       ||    22
Dodge: Dodged            |   122 |    78 |     7 ||   207
